 Dungeon Crawl Stone Soup version 0.28.0-43-g3370ac3207 (webtiles) character file.

Game seed: 2804100900229577064

142 mcbry74 the Chopper (level 5, -3/45 HPs)
             Began as a Hill Orc Berserker on Mar 11, 2022.
             Was a Follower of Trog.
             Slain by a river rat (6 damage)
             ... summoned by Eustachio
             ... on level 4 of the Dungeon.
             The game lasted 00:04:54 (2981 turns).

mcbry74 the Chopper (Hill Orc Berserker)            Turns: 2981, Time: 00:04:55

Health: -3/45      AC:  5    Str: 20      XL:     5   Next: 25%
Magic:  5/5        EV: 11    Int:  9      God:    Trog [*.....]
Gold:   113        SH:  0    Dex:  5 (10) Spells: 4/4 levels left

rFire   . . .      SeeInvis .   a - +0 hand axe
rCold   . . .      Faith    .   (no shield)
rNeg    . . .      Spirit   .   h - +0 leather armour
rPois   .          Reflect  .   (no helmet)
rElec   .          Harm     .   j - +0 cloak
rCorr   .          Rampage  .   f - +0 pair of gloves
Will    .....                   (no boots)
Stlth   +.........              (no amulet)
HPRegen 0.15/turn               (no ring)
MPRegen 0.09/turn               (no ring)

@: on berserk cooldown
A: no striking features
a: Renounce Religion, Berserk


You were on level 4 of the Dungeon.
You worshipped Trog.
Trog was aware of your devotion.
You visited 1 branch of the dungeon, and saw 3 of its levels.

You collected 113 gold pieces.

Inventory:

Hand Weapons
 a - a +0 hand axe (weapon)
Missiles
 g - 3 poisoned darts (quivered)
Armour
 b - a +0 animal skin
 d - a scarf of shadows
 f - a +0 pair of gloves (worn)
 h - a +0 leather armour (worn)
 j - a +0 cloak (worn)
Jewellery
 i - a +6 ring of strength
Scrolls
 c - a scroll of identify {unknown}
 e - 2 scrolls of summoning {unknown}
 k - a scroll of magic mapping {unknown}
Potions
 l - a potion of degeneration {unknown}


   Skills:
 - Level 3.6 Fighting
 + Level 7.6 Axes
 - Level 2.1 Armour
 - Level 1.5 Dodging


You had 4 spell levels left.
You didn't know any spells.
Your spell library was empty.

Dungeon Overview and Level Annotations

Branches:
Dungeon (2/15)

Altars:

Annotations:
D:4 Eustachio


Message History

You hit the quasit. You closely miss the quasit.
You hit the river rat but do no damage.
You feel yourself speed up.
The quasit disappears in a puff of smoke!
The quasit bites you but does no damage.
The quasit claws you but does no damage. x2
The river rat bites you but does no damage.
Eustachio screams, "Hey, you killed my favourite bat!"
Eustachio completely misses you.
You miss Eustachio.
Eustachio is lightly wounded.
You miss the quasit. You hit the river rat but do no damage.
The quasit barely misses you.
The quasit claws you but does no damage.
The quasit barely misses you. The river rat bites you!
* * * LOW HITPOINT WARNING * * *
Eustachio mumbles some strange words.
Eustachio blinks!
The quasit bites you but does no damage.
The quasit barely misses you. The quasit claws you.
* * * LOW HITPOINT WARNING * * *
You feel clumsy.
You hit the river rat.
The river rat is moderately wounded.
You miss the quasit. The river rat closely misses you.
The quasit barely misses you. The quasit misses you.
The quasit barely misses you.
You barely miss the river rat.
The river rat is moderately wounded.
You miss the quasit. The river rat bites you.
* * * LOW HITPOINT WARNING * * *
The quasit barely misses you.
The quasit claws you but does no damage. x2
Unknown command.
You closely miss the river rat.
The river rat is moderately wounded.
You closely miss the quasit.
The quasit bites you but does no damage.
The quasit barely misses you. x2; The river rat bites you.
You die...

.........#......@..#.....#
.........#########'#.....#
#####...............######
#...............#
#...............#
#...............#
#..........@....#
########...r.#### #....@#
#...5.# #.....# #.....#
#.....# #######


You could see Eustachio, a quasit (summoned) and a river rat (summoned).

Vanquished Creatures
  A phantom (D:4)
  4 adders
  A dart slug (D:1)
  3 ball pythons
  2 bats (D:1)
  3 endoplasms (D:1)
  A giant cockroach (D:2)
  2 goblins
  3 hobgoblins
  2 jackals (D:1)
  3 kobolds (D:1)
  3 quokkas
  A frilled lizard (D:1)
  2 rats
31 creatures vanquished.

Vanquished Creatures (others)
  A fungus (D:1)
1 creature vanquished.

Grand Total: 32 creatures vanquished

Notes
Turn   | Place    | Note
-------+----------+-------------------------------------------
     0 | D:1      | mcbry74 the Hill Orc Berserker began the quest for the Orb.
     0 | D:1      | Reached XP level 1. HP: 19/19 MP: 1/1
   244 | D:1      | Reached XP level 2. HP: 21/26 MP: 2/2
   364 | D:1      | Found a faded altar of an unknown god.
   911 | D:1      | Reached skill level 5 in Axes
  1665 | D:1      | Reached XP level 3. HP: 31/31 MP: 3/3
  2120 | D:2      | Reached skill level 6 in Axes
  2264 | D:2      | You fall into a shaft and drop 2 floors!
  2288 | D:4      | Noticed a phantom
  2307 | D:4      | Killed a phantom
  2308 | D:4      | Reached skill level 7 in Axes
  2308 | D:4      | Reached XP level 4. HP: 39/39 MP: 4/4
  2308 | D:4      | Reached XP level 5. HP: 45/45 MP: 5/5
  2949 | D:4      | Noticed Eustachio
  2981 | D:4      | Slain by a river rat

Illustrated notes

Levels and vault maps discovered:
D:1:      minmay_arrival_open_corners, layout_basic,
          hellmonk_ecumenical_altar_slurped_away, minmay_shallow_snake_nest
D:2:      layout_basic, nrook_loot_triangle, corexii_item_surrounded_by_moat
D:4:      layout_gridville, uniq_eustachio

Skill      XL: |  1  2  3 |
---------------+----------+-----
Axes           | 5 7 |  7.6
Fighting       | |  3.6
Armour         | |  2.1
Dodging        | |  1.5

Action                   |  1- 3 |  4- 6 || total
-------------------------+-------+-------++-------
Melee: Hand axe          |   113 |    17 ||   130
       Punch             |     1 |       ||     1
Throw: Dart              |     3 |       ||     3
Invok: Berserk           |     1 |     2 ||     3
Armor: Animal skin       |    13 |       ||    13
       Leather armour    |    22 |    29 ||    51
Dodge: Dodged            |    66 |    33 ||    99
